 Dungeon Crawl Stone Soup version 0.29.0-5-ge4962eb29e (webtiles) character file.

Game seed: 13337642241217409456

26 Sabo the Chiller (level 2, 0/19 HPs)
             Began as a Demonspawn Ice Elementalist on Aug 28, 2022.
             Frozen to death by an endoplasm (5 damage)
             ... on level 2 of the Dungeon.
             The game lasted 00:07:15 (1550 turns).

Sabo the Chiller (Demonspawn Ice Elementalist)      Turns: 1550, Time: 00:07:16

Health: 0/19       AC:  2    Str:  8    XL:     2   Next: 89%
Magic:  4/5        EV: 12    Int: 16    God:
Gold:   70         SH:  0    Dex: 13    Spells: 4/5 levels left

rFire   . . .      SeeInvis .   f - +0 quarterstaff
rCold   . . .      Faith    .   (shield currently unavailable)
rNeg    . . .      Spirit   .   a - +0 robe
rPois   .          Reflect  .   (no helmet)
rElec   .          Harm     .   d - scarf {repulsion}
rCorr   .          Rampage  .   (no gloves)
Will    .....                   (no boots)
Stlth   ++........              (no amulet)
HPRegen 0.06/turn               g - ring of wizardry
MPRegen 0.09/turn               (no ring)

@: repel missiles
A: demonic guardian 1
a: no special abilities


You were on level 2 of the Dungeon.
You visited 1 branch of the dungeon, and saw 2 of its levels.

You collected 70 gold pieces.

Inventory:

Hand Weapons
 f - a +0 quarterstaff (weapon)
Armour
 a - a +0 robe (worn)
 d - a scarf of repulsion (worn)
Jewellery
 g - a ring of wizardry (left hand)
Scrolls
 e - a scroll of summoning {unknown}
 h - a scroll of vulnerability {unknown}
Potions
 b - 2 potions of magic
 c - a potion of attraction {unknown}


   Skills:
 + Level 0.3 Staves
 + Level 1.8 Dodging
 + Level 1.8 Stealth
 + Level 2.3 Spellcasting
 + Level 4.1 Ice Magic


You had 4 spell levels left.
You knew the following spells:

 Your Spells              Type           Power      Damage    Failure   Level
a - Freeze                Ice            60%        1d8       1%          1

Your spell library contained the following spells:

 Spells                   Type           Power      Damage    Failure   Level
 Frozen Ramparts          Ice            30%        1d5       4%          3
 Ozocubu's Armour         Ice            15%        N/A       4%          3
 Hailstorm                Conj/Ice       8%         3d4       32%         4


Dungeon Overview and Level Annotations

Branches:
Dungeon (2/15)

Altars:


Innate Abilities, Weirdness & Mutations

A weak demonic guardian rushes to your aid.


Message History

You freeze the adder.
The adder is lightly wounded.
The adder seems to slow down.
The adder barely misses you.
You closely miss the adder.
The adder is lightly wounded.
The adder completely misses you.
You hit the adder.
The adder is heavily wounded.
The adder is no longer moving slowly.
The adder bites you.
You are poisoned.
The adder poisons you!
You closely miss the adder.
The adder is heavily wounded.
You feel sick.
The endoplasm quivers.
The adder misses you. The adder closely misses you.
You barely miss the adder.
The adder is heavily wounded.
You feel sick. The adder barely misses you. The adder closely misses you.
You miss the adder.
The adder is heavily wounded.
You feel sick. The adder closely misses you.
You barely miss the adder.
The adder is heavily wounded.
You feel sick.
You are no longer poisoned.
The adder closely misses you. The endoplasm closely misses you.
The adder bites you but does no damage.
You barely miss the adder.
The adder is heavily wounded.
The adder bites you. The endoplasm freezes you.
You are frozen.
* * * LOW HITPOINT WARNING * * *
You miss the adder.
The adder is heavily wounded.
The adder closely misses you. The endoplasm freezes you.
You are frozen.
You die...

#########
#.......#
#.#.!.#.#
#.......##
##...S....###
#.(..@J.....#
#....)..###.#
#.....?.#
#.#..##.###.#
#.#..##.....#
#....†...##
####.#######
###>##.....
#......#


You could see an adder and an endoplasm.

Vanquished Creatures
  A dart slug (D:1)
  2 bats (D:2)
  3 endoplasms (D:1)
  2 giant cockroaches (D:1)
  2 goblins (D:1)
  2 hobgoblins (D:1)
  3 jackals (D:1)
  A quokka (D:1)
  2 kobolds
  3 rats (D:1)
21 creatures vanquished.

Notes
Turn   | Place    | Note
-------+----------+-------------------------------------------
     0 | D:1      | Sabo the Demonspawn Ice Elementalist began the quest for
                  | the Orb.
     0 | D:1      | Reached XP level 1. HP: 13/13 MP: 3/3
   751 | D:1      | Gained mutation: A weak demonic guardian rushes to your
                  | aid. [demonic ancestry]
   751 | D:1      | Reached XP level 2. HP: 19/19 MP: 5/5
   753 | D:1      | Reached skill level 4 in Ice Magic
  1550 | D:2      | Frozen to death by an endoplasm

Illustrated notes

Levels and vault maps discovered:
D:1:      evilmike_arrival_home_sweet_home, layout_basic, serial_rivers,
          chequers_serial_rivers_room_a, chequers_serial_rivers_micro_e,
          chequers_serial_rivers_small_b, chequers_serial_rivers_micro_d,
          chequers_serial_rivers_small_a, chequers_serial_rivers_micro_c,
          chequers_serial_rivers_marsh
D:2:      layout_loops_cross, hellmonk_ecumenical_altar_zigzags, basic_altar,
          wander_ebering_terrifying_dragon_lair

Skill      XL: |  1  2 |
---------------+-------+-----
Ice Magic      | 4 |  4.1
Staves         | |  0.3
Dodging        | |  1.8
Stealth        | |  1.8
Spellcasting   | |  2.3

Action                   || total
-------------------------++-------
Melee: Quarterstaff      ||    46
 Cast: Freeze            ||    15
Armor: Robe              ||    18
Dodge: Dodged            ||    50
       Repelled          ||     1
